 Dungeon Crawl Stone Soup version 0.23.2-33-g5129a83184 (webtiles) character file.

Game seed: 15149792254406490149

375 Meegle the Magician (level 6, 0/33 HPs)
             Began as a Deep Elf Fire Elementalist on July 5, 2019.
             Slain by an ogre
             ... wielding a +0 giant club
              (16 damage)
             ... on level 4 of the Dungeon.
             The game lasted 00:07:18 (3291 turns).

Meegle the Magician (Deep Elf Fire Elementalist)    Turns: 3291, Time: 00:07:19

Health: 0/33       AC:  2    Str:  5    XL:     6   Next: 44%
Magic:  9/17       EV: 13    Int: 22    God:
Gold:   121        SH:  0    Dex: 15    Spells: 7/17 levels left

rFire    . . .     SeeInvis .   t - +1 short sword (speed)
rCold    . . .     Gourm    .   (no shield)
rNeg     . . .     Faith    .   a - +0 robe
rPois    .         Spirit   .   (no helmet)
rElec    .         Reflect  .   (no cloak)
rCorr    .         Harm     .   (no gloves)
MR       .....                  (no boots)
Stlth    ++........             (no amulet)
HPRegen  0.11/turn              (no ring)
MPRegen  0.15/turn              (no ring)

@: very slightly contaminated
A: no striking features
a: no special abilities


You were on level 4 of the Dungeon.
You were not hungry.

You visited 1 branch of the dungeon, and saw 4 of its levels.

You collected 121 gold pieces.

Inventory:

Hand Weapons
 t - a +1 short sword of speed (weapon)
Armour
 a - a +0 robe (worn)
Jewellery
 h - a +4 ring of dexterity {unknown}
 l - a cursed ring of teleportation {unknown}
Scrolls
 b - a scroll of fog {unknown}
 d - 5 scrolls of remove curse {unknown}
 g - a scroll of teleportation {unknown}
 j - 5 scrolls of identify {unknown}
 m - a scroll of noise {unknown}
 p - 2 scrolls of immolation {unknown}
 s - a scroll of enchant weapon {unknown}
 u - a scroll of random uselessness {unknown}
Potions
 e - a potion of magic {unknown}
 i - 4 potions of curing {unknown}
 k - a potion of mutation {unknown}
 n - a potion of brilliance {unknown}
 o - a potion of agility {unknown}
 q - a potion of might {unknown}
 r - a potion of invisibility {unknown}
Comestibles
 c - 7 rations
 f - 7 chunks of flesh


   Skills:
 + Level 0.5 Fighting
 + Level 2.8 Dodging
 + Level 3.0 Stealth
 + Level 6.0 Spellcasting
 + Level 3.9 Conjurations
 + Level 4.9 Fire Magic


You had 7 spell levels left.
You knew the following spells:

 Your Spells              Type           Power        Failure   Level  Hunger
a - Flame Tongue          Conj/Fire      ####.        1%          1    None
b - Throw Flame           Conj/Fire      ####..       2%          2    None
c - Conjure Flame         Conj/Fire      ####....     4%          3    #......
d - Sticky Flame          Conj/Fire      ####....     14%         4    ###....

Your spell library contained the following spells:

 Spells                   Type           Power        Failure   Level  Hunger
 Inner Flame              Hex/Fire       ###.....     10%         3    #......
 Fireball                 Conj/Fire      ####......   38%         5    #####..


Dungeon Overview and Level Annotations

Branches:
Dungeon (4/15)
 Temple: D:4-7

Altars:
Wu Jian
Yredelemnul


Message History

The ogre is moderately wounded.
Casting: Flame Tongue (safe; 1% risk of failure)
Confirm with . or Enter, or press ? or * to list all spells.
Aiming: Sticky Flame (safe; 14% risk of failure)
Press: ? - help, Shift-Dir - straight line, f - ogre
Aim: an ogre, wielding a +0 giant club (moderately wounded)
You miscast Sticky Flame.
You are very lightly contaminated with residual magic.
You smell smoke.
The ogre hits you with a +0 giant club!
Ouch! That really hurt!
Casting: Sticky Flame (safe; 14% risk of failure)
Confirm with . or Enter, or press ? or * to list all spells.
Aiming: Sticky Flame (safe; 14% risk of failure)
Press: ? - help, Shift-Dir - straight line, f/p - ogre
Aim: an ogre, wielding a +0 giant club (moderately wounded)
The sticky flame hits the ogre!
The ogre is heavily wounded.
The ogre is covered in liquid flames!
The ogre burns!
The ogre hits you with a +0 giant club!
You die...

#. .%$.. #.######....
####.........# .............
..........#
.....S....######.#
#########........#
#O.######## #@.........
#.รท.#############
#...#......)..))##
############...#.#########.#.
#..........#...#.# #.#.
####.########.#...#.# ## #.#.
#.............#...#.# #..
#.#. #.##.############.#.#
... #.#. #.##.# #......#.#
###.###.#.


You could see an ogre (burning).

Vanquished Creatures
  A howler monkey (D:2)
  A jelly (D:3)
  2 hounds
  A worker ant (D:2)
  4 gnolls (D:3)
  4 adders
  9 oozes
  3 worms
  3 dart slugs
  3 leopard geckos
  8 orcs
  6 bats
  A giant cockroach (D:3)
  A goblin (D:1)
  8 hobgoblins
  6 jackals
  2 quokkas (D:3)
  4 frilled lizards
  13 kobolds
  7 rats
87 creatures vanquished.

Vanquished Creatures (others)
  8 toadstools (D:3)
8 creatures vanquished.

Grand Total: 95 creatures vanquished

Notes
Turn   | Place    | Note
-------+----------+-------------------------------------------
     0 | D:1      | Meegle the Deep Elf Fire Elementalist began the quest for
                  | the Orb.
     0 | D:1      | Reached XP level 1. HP: 10/10 MP: 6/6
   286 | D:1      | Reached XP level 2. HP: 14/15 MP: 5/8
  1043 | D:2      | Reached XP level 3. HP: 19/19 MP: 6/9
  1303 | D:2      | Reached XP level 4. HP: 24/24 MP: 7/11
  1345 | D:2      | Found a basalt altar of Yredelemnul.
  1378 | D:2      | Learned a level 2 spell: Throw Flame
  1382 | D:2      | Learned a level 3 spell: Conjure Flame
  1389 | D:2      | Reached skill level 4 in Spellcasting
  1625 | D:2      | Reached XP level 5. HP: 25/28 MP: 0/13
  1731 | D:2      | Learned a level 4 spell: Sticky Flame
  2053 | D:3      | Found an ornate altar of the Wu Jian Council.
  2429 | D:3      | Reached skill level 5 in Spellcasting
  2827 | D:3      | Reached XP level 6. HP: 33/33 MP: 10/16
  3252 | D:4      | Reached skill level 6 in Spellcasting
  3291 | D:4      | Slain by an ogre

Skill      XL: |  1  2  3  4  5  6 |
---------------+-------------------+-----
Fire Magic     | 4 |  4.9
Conjurations   | 2 3 |  3.9
Spellcasting   | 4 5 6 |  6.0
Stealth        | 3 |  3.0
Fighting       | |  0.5
Dodging        | |  2.8

Action                   |  1- 3 |  4- 6 || total
-------------------------+-------+-------++-------
Melee: Short sword       |       |     2 ||     2
 Cast: Flame Tongue      |    44 |   136 ||   180
       Throw Flame       |       |     3 ||     3
       Conjure Flame     |       |     1 ||     1
       Sticky Flame      |       |     1 ||     1
 Stab: Sleeping          |       |     2 ||     2
  Eat: Chunk             |     1 |     6 ||     7
Armor: Robe              |     2 |     4 ||     6
Dodge: Dodged            |    14 |    34 ||    48
